 Dungeon Crawl Stone Soup version 0.23-a0-448-g1c01f63 (webtiles) character file.

24123 galech the Cleaver (level 12, -7/94 HPs)
             Began as a Demonspawn Fighter on Nov 19, 2018.
             Was a High Priest of Okawaru.
             Killed by divine providence
             ... invoked by an orc priest
              (16 damage)
             ... on level 2 of the Orcish Mines.
             The game lasted 00:19:09 (12847 turns).

galech the Cleaver (Demonspawn Fighter)            Turns: 12847, Time: 00:19:09

Health: -7/94      AC: 25    Str: 16    XL:     12   Next: 77%
Magic:  0/14       EV: 15    Int: 10    God:    Okawaru [*****.]
Gold:   709        SH: 13    Dex: 18    Spells: 11/11 levels left

rFire    + . .     SeeInvis .   r - +9 staff of Olgreb {rPois}
rCold    + . .     Gourm    .   c - +0 shield
rNeg     . . .     Faith    .   Y - +2 scale mail {rF+}
rPois    ∞         Spirit   +   W - +2 hat
rElec    .         Reflect  .   (no cloak)
rCorr    .         Harm     .   (no gloves)
MR       .....                  (no boots)
Stlth    ++........             y - amulet of guardian spirit
HPRegen  0.25/turn              j - +3 ring of protection
MPRegen  0.14/turn              w - +5 ring of protection

@: heroism
A: talons 2, iridescent scales 2, cold resistance 1, foul stench 1, rot immunity
a: Heroism, Finesse, Renounce Religion


You were on level 2 of the Orcish Mines.
You worshipped Okawaru.
Okawaru was extremely pleased with you.
You were not hungry.

You visited 3 branches of the dungeon, and saw 14 of its levels.

You collected 709 gold pieces.

Inventory:

Hand Weapons
 r - the +9 staff of Olgreb (weapon) {rPois}
   (You found it on level 10 of the Dungeon)

   It protects you from poison.
 N - a +0 war axe of electrocution
 Q - a +1 hand axe of flaming
 T - a +0 executioner's axe of freezing
Armour
 c - a +0 shield (worn)
 t - a +0 plate armour
 W - a +2 hat (worn)
 Y - a +2 scale mail of fire resistance (worn)
Jewellery
 e - an uncursed ring of see invisible {unknown}
 j - a +3 ring of protection (left hand)
 m - an uncursed ring of resist corrosion
 n - an uncursed ring of protection from cold
 w - a +5 ring of protection (right hand)
 y - an amulet of guardian spirit (around neck)
 F - an uncursed ring of protection from cold
 I - an uncursed amulet of the gourmand {unknown}
 S - a +1 ring of evasion {unknown}
Wands
 K - a wand of clouds (4)
Scrolls
 a - 3 scrolls of enchant armour
 g - 9 scrolls of teleportation
 h - 4 scrolls of fog
 i - 8 scrolls of remove curse
 k - 2 scrolls of amnesia
 l - 3 scrolls of identify
 o - 2 scrolls of enchant weapon
 p - a scroll of immolation
 q - 2 scrolls of fear
 u - a scroll of blinking {unknown}
 B - a scroll of holy word {unknown}
 C - a scroll of vulnerability {unknown}
 L - 3 scrolls of magic mapping {unknown}
 O - a scroll of acquirement {unknown}
 R - a scroll of random uselessness {unknown}
Potions
 b - 6 potions of degeneration {unknown}
 d - 2 potions of might
 s - a potion of mutation {unknown}
 x - 3 potions of heal wounds
 A - 4 potions of curing {unknown}
 D - a potion of agility {unknown}
 E - a potion of invisibility {unknown}
 G - a potion of resistance {unknown}
 H - a potion of haste {unknown}
 J - a potion of flight {unknown}
 M - a potion of berserk rage
Comestibles
 f - 26 rations
 v - 2 chunks of flesh


   Skills:
 + Level 8.4(13.4) Fighting
 + Level 12.5(17.5) Axes
 + Level 3.7(8.7) Staves
 + Level 9.3(14.3) Armour
 + Level 4.0(9.0) Dodging
 + Level 1.1(6.1) Stealth
 + Level 9.1(14.1) Shields
 + Level 3.1 Invocations
 + Level 0.1 Evocations


You had 11 spell levels left.
You didn't know any spells.
Your spell library contained the following spells:

 Spells                   Type           Power        Failure   Level  Hunger
 Animate Skeleton         Necr           N/A          71%         1    ##.....
 Confusing Touch          Hex            #.....       71%         1    ##.....
 Flame Tongue             Conj/Fire      #....        71%         1    ##.....
 Pain                     Necr           #...         71%         1    ##.....
 Confuse                  Hex            #.......     97%         3    ####...
 Gell's Gravitas          Tloc           #.........   97%         3    ####...
 Regeneration             Chrm/Necr      #.........   97%         3    ####...
 Vampiric Draining        Necr           #.........   97%         3    ####...
 Animate Dead             Necr           N/A          100%        4    #####..
 Cause Fear               Hex            #.........   100%        4    #####..
 Petrify                  Tmut/Erth      #.......     100%        4    #####..
 Metabolic Englaciation   Hex/Ice        #.........   100%        5    ######.
 Yara's Violent Unravell  Hex/Tmut       #.........   100%        5    ######.
 Bolt of Fire             Conj/Fire      #.........   100%        6    #######
 Dragon Form              Tmut           #.........   100%        7    #######
 Dragon's Call            Summ           #.........   100%        9    #######


Dungeon Overview and Level Annotations

Branches:
Dungeon (11/15)            Temple (1/1) D:6            Lair (0/6) D:9
    Orc (2/2) D:11            Elf (0/3) Orc:2

Altars:
Cheibriados
Dithmenos
Gozag
Hepliaklqana
Kikubaaqudgha
Makhleb
Nemelex Xobeh
Okawaru
Qazlal
Ru
Sif Muna
Trog
Vehumet
Wu Jian
Xom
Yredelemnul

Shops:
D:4 %

Annotations:
D:8 1 runed door, Wiebster667's ghost, novice MfNe
D:10 1 runed door
D:11 3 runed doors, Tovarisch's ghost, journeyman DDNe
Orc:1 1 runed door


Innate Abilities, Weirdness & Mutations

You have razor-sharp toenails.
You are mostly covered in iridescent scales. (AC +4)
Your flesh is cold resistant. (rC+)
You may emit foul miasma when damaged in melee.
You are immune to rotting.


Message History

You claw the orc knight.
The orc knight is almost dead.
The orc warrior barely misses you. The orc hits you but does no damage.
The orc knight misses you.
Unknown command.
You hit the orc knight.
The orc knight looks as sick as possible!
You claw the orc knight.
You kill the orc knight!
Okawaru accepts your kill. Something appears at your feet!
Okawaru grants you ammunition!
Your base Dodging skill increases to level 4!
The orc priest invokes the aid of Beogh against you.
Beogh smites you!
* * * LOW HITPOINT WARNING * * *
You block the orc's attack. You block the orc warrior's attack.
The orc priest calls down the wrath of Beogh upon you.
Beogh smites you!
You die...

.....##.....#.....#....
.##..#####.#............
..#...# ####...........
...#.## #.....#......
....## ##...........
##.## ##.#..#......
....# #.....o......
....### ##.#.(#.#....
.#.##.## #####@#....#
.......# #)oo..#
...##.## ##)...# ...####
#...## #.## ..)## ###
.... .).. ....##


You could see an orc warrior and an orc priest.

Vanquished Creatures
  Gastronok (D:10)
  A fire dragon (D:11)
  Josephine (D:10)
  A hydra (D:8)
  A centaur warrior (D:11)
  Erica (D:11)
  3 two-headed ogres
  3 death yaks (D:9)
  3 orc knights (Orc:2)
  A cyclops (D:10)
  A gargoyle (D:10)
  5 trolls
  2 hornets
  Prince Ribbit (D:9)
  4 hippogriffs
  6 wraiths
  A shadow (D:8)
  A wyvern (D:8)
  5 yaks (D:9)
  Grum (D:8)
  A human (D:9)
  4 hogs (D:9)
  2 hungry ghosts (D:8)
  Menkaure (D:4)
  A warg (Orc:1)
  3 water moccasins (D:10)
  5 soldier ants (D:10)
  4 ice beasts
  16 orc warriors
  2 phantoms
  2 sky beasts (D:11)
  A black bear (D:5)
  An eye of draining (D:11)
  2 wolves (D:8)
  6 centaurs
  6 ogres
  4 bullfrogs
  A wyvern zombie (D:7)
  A water moccasin zombie (D:8)
  A scorpion (D:6)
  15 killer bees (D:10)
  7 howler monkeys
  5 crimson imps
  A centaur zombie (D:9)
  7 hounds
  12 orc priests
  3 bullfrog skeletons
  A jelly (D:5)
  18 orc wizards
  3 iguanas
  A centaur skeleton (D:10)
  12 worker ants
  A hound zombie (D:10)
  A hound skeleton (D:4)
  6 gnolls
  12 adders
  A shadow imp (D:5)
  An ooze (D:2)
  An adder skeleton (D:4)
  A dart slug (D:5)
  5 leopard geckos
  76 orcs
  4 giant cockroaches
  7 goblins
  8 hobgoblins
  12 jackals
  4 kobolds
  6 quokkas
  2 bats
  7 frilled lizards
  A quokka skeleton (D:4)
  7 rats
355 creatures vanquished.

Vanquished Creatures (others)
  An orc priest (Orc:2)
  An orc (Orc:2)
  4 plants (D:8)
6 creatures vanquished.

Grand Total: 361 creatures vanquished

Notes
Turn   | Place    | Note
-------+----------+-------------------------------------------
     0 | D:1      | galech the Demonspawn Fighter began the quest for the Orb.
     0 | D:1      | Reached XP level 1. HP: 18/18 MP: 1/1
   220 | D:1      | Gained mutation: You are partially covered in iridescent
                  | scales. (AC +2) [demonic ancestry]
   220 | D:1      | Reached XP level 2. HP: 24/24 MP: 2/2
   549 | D:1      | Reached skill level 2 in Axes
   846 | D:2      | Gained mutation: You are mostly covered in iridescent
                  | scales. (AC +4) [demonic ancestry]
   846 | D:2      | Reached XP level 3. HP: 25/29 MP: 3/3
  1421 | D:2      | Found a shimmering altar of Xom.
  1500 | D:2      | Gained mutation: You have sharp toenails. [demonic
                  | ancestry]
  1500 | D:2      | Reached XP level 4. HP: 35/35 MP: 4/4
  1895 | D:3      | Reached skill level 3 in Axes
  1912 | D:3      | Reached XP level 5. HP: 40/41 MP: 5/5
  2013 | D:3      | Found an opulent altar of Gozag.
  2257 | D:3      | Found a bloodstained altar of Trog.
  2370 | D:4      | Reached skill level 4 in Axes
  2370 | D:4      | Noticed an orc warrior
  2387 | D:4      | Killed an orc warrior
  2387 | D:4      | Gained mutation: You have razor-sharp toenails. [demonic
                  | ancestry]
  2387 | D:4      | Reached XP level 6. HP: 14/48 MP: 6/6
  2665 | D:4      | Reached skill level 1 in Dodging
  2729 | D:4      | Noticed Menkaure
  2738 | D:4      | Killed Menkaure
  2738 | D:4      | Reached skill level 5 in Axes
  2991 | D:4      | Reached XP level 7. HP: 45/53 MP: 7/7
  3215 | D:4      | Found Zaremaeg's Food Emporium.
  3525 | D:4      | Found a shadowy altar of Dithmenos.
  3525 | D:4      | Found a hazy altar of Hepliaklqana.
  3682 | D:5      | Entered Level 5 of the Dungeon
  3862 | D:5      | HP: 1/54 [gnoll (5)]
  4328 | D:5      | Noticed a two-headed ogre
  4336 | D:5      | Killed a two-headed ogre
  4336 | D:5      | Reached skill level 6 in Axes
  4336 | D:5      | Reached skill level 5 in Armour
  4336 | D:5      | Reached XP level 8. HP: 51/61 MP: 5/8
  4459 | D:5      | Reached skill level 7 in Axes
  4459 | D:5      | Reached skill level 5 in Shields
  4871 | D:6      | Noticed a hippogriff
  4881 | D:6      | Killed a hippogriff
  4881 | D:6      | Gained mutation: You are immune to rotting. [demonic
                  | ancestry]
  4881 | D:6      | Reached XP level 9. HP: 62/66 MP: 7/9
  4932 | D:6      | Found a staircase to the Ecumenical Temple.
  4947 | Temple   | Entered the Ecumenical Temple
  4990 | Temple   | Became a worshipper of Warmaster Okawaru
  5499 | D:7      | Reached skill level 5 in Fighting
  5972 | D:8      | Reached skill level 8 in Axes
  5978 | D:8      | Noticed Grum
  5993 | D:8      | Reached * piety under Okawaru
  6008 | D:8      | Killed Grum
  6083 | D:8      | Paralysed by a hornet for 1 turns
  6251 | D:8      | Found a shimmering altar of Xom.
  6257 | D:8      | Noticed a two-headed ogre
  6271 | D:8      | Killed a two-headed ogre
  6271 | D:8      | Reached ** piety under Okawaru
  6271 | D:8      | Reached skill level 9 in Axes
  6271 | D:8      | Reached XP level 10. HP: 58/76 MP: 8/10
  6400 | D:8      | Reached *** piety under Okawaru
  6445 | D:8      | Found a runed door.
  6445 | D:8      | Identified the +6 trident of Tenacity {pierce, *Rage MR+
                  | Str+5}
  6447 | D:8      | Noticed Wiebster667's ghost (novice MfNe)
  6456 | D:8      | Noticed an eight-headed hydra
  6722 | D:9      | Noticed Prince Ribbit
  6726 | D:9      | Killed Prince Ribbit
  6895 | D:9      | Noticed a death yak
  6898 | D:9      | Noticed a death yak
  6902 | D:9      | Noticed a death yak
  6906 | D:9      | Reached skill level 10 in Axes
  6906 | D:9      | Reached **** piety under Okawaru
  6911 | D:9      | Killed a death yak
  6916 | D:9      | Killed a death yak
  6916 | D:9      | Reached ***** piety under Okawaru
  6916 | D:9      | Gained mutation: Your flesh is cold resistant. (rC+)
                  | [demonic ancestry]
  6916 | D:9      | Reached XP level 11. HP: 67/83 MP: 8/11
  6920 | D:9      | Killed a death yak
  7017 | D:9      | Found a staircase to the Lair.
  7365 | D:9      | Found an ancient bone altar of Kikubaaqudgha.
  7492 | D:10     | Entered Level 10 of the Dungeon
  7608 | D:8      | Killed a one-headed hydra
  7867 | D:10     | Reached skill level 11 in Axes
  7916 | D:10     | Found the +9 staff of Olgreb {rPois}
  7938 | D:10     | Received a gift from Okawaru
  7953 | D:10     | Reached skill level 1 in Invocations
  8161 | D:10     | Found a runed door.
  8307 | D:10     | Found a runed gate.
  8308 | D:10     | Found a runed door.
  8318 | D:10     | Found a runed gate.
  8318 | D:10     | Found a runed gate.
  8954 | D:10     | Noticed Josephine
  8964 | D:10     | Killed Josephine
  9046 | D:10     | Noticed Gastronok
  9060 | D:10     | Killed Gastronok
  9060 | D:10     | Reached skill level 12 in Axes
  9060 | D:10     | Reached skill level 1 in Stealth
  9661 | D:10     | Received a gift from Okawaru
  9666 | D:10     | Gained mutation: You may emit foul miasma when damaged in
                  | melee. [demonic ancestry]
  9666 | D:10     | Reached XP level 12. HP: 69/91 MP: 12/14
 10158 | D:11     | Noticed a centaur warrior
 10167 | D:11     | Killed a centaur warrior
 10224 | D:11     | Noticed a fire dragon
 10243 | D:11     | Noticed Erica
 10246 | D:11     | Killed a fire dragon
 10261 | D:11     | Killed Erica
 10261 | D:11     | Reached skill level 1 in Staves
 10894 | D:11     | Found a staircase to the Orcish Mines.
 11394 | D:11     | Found a runed gate.
 11394 | D:11     | Found a runed gate.
 11394 | D:11     | Found a runed gate.
 11397 | D:11     | Identified the +6 falchion "Koshaxouw" {flame, rN+ MR+
                  | Str-3}
 11398 | D:11     | Noticed Tovarisch's ghost (journeyman DDNe)
 11447 | Orc:1    | Entered Level 1 of the Orcish Mines
 11481 | Orc:1    | Found a runed door.
 11817 | Orc:2    | Entered Level 2 of the Orcish Mines
 12795 | Orc:2    | Noticed a two-headed ogre
 12802 | Orc:2    | Killed a two-headed ogre
 12812 | Orc:2    | Found a staircase to the Elven Halls.
 12846 | Orc:2    | Received a gift from Okawaru
 12847 | Orc:2    | Killed from afar by an orc priest

Vault maps used:
D:1:      erik_arrival_cave_to_civilisation
D:2:      first_ration, xom_teletrap_fun
D:3:      lemuel_doored_altar, lemuel_round_altar
D:4:      chequers_temple_overflow_statue_of_worship, serial_shops,
          nicolae_shop_behind_doors, uniq_menkaure
D:5:      black_bear_nest_2, skrybe_limestone_x, interstate_on_off,
          minmay_misc_feat_nine_boxes
D:6:      minmay_temple_entry_purple_smoke, grunt_decor_arrowhead
D:8:      kennysheep_mini_moat, ebering_ghost_funeral_grove, uniq_grum
D:9:      nicolae_overflow_crystal_walls, dpeg_lair_monsters, grunt_livestock,
          uniq_prince_ribbit1
D:10:     minmay_guarded_unrand_staff_of_olgreb, uniq_gastronok, uniq_josephine
D:11:     david_orc_2, gammafunk_ghost_nasty_kobolds, uniq_erica
Temple:   eino_temple_rhombus
Orc:1:    lightli_church_of_beogh, uniq_nergalle
Orc:2:    grunt_orc_tribal_feast

Skill      XL: |  1  2  3  4  5  6  7  8  9 10 11 12 |
---------------+-------------------------------------+-----
Armour         | 3 5 6 7 8 9 |  9.3
Axes           | 2 3 4 5 6 7 9 10 12 | 12.5
Shields        | 3 4 5 6 7 8 9 |  9.1
Dodging        | 1 2 4 |  4.0
Fighting       | 4 5 6 7 8 |  8.4
Invocations    | 2 3 |  3.1
Stealth        | 1 |  1.1
Staves         | 3 |  3.7
Evocations     | |  0.1

Action                   |  1- 3 |  4- 6 |  7- 9 | 10-12 || total
-------------------------+-------+-------+-------+-------++-------
Melee: War axe           |   112 |   107 |       |    83 ||   302
       Kick              |       |    24 |   135 |   280 ||   439
       Hand axe          |       |    12 |   355 |   164 ||   531
       Executioner's axe |       |       |       |   128 ||   128
       Staff             |       |       |       |   356 ||   356
       Punch             |       |       |       |     2 ||     2
Invok: Heroism           |       |       |     1 |    16 ||    17
Evoke: Staff of Olgreb   |       |       |       |    15 ||    15
  Use: Potion            |     1 |     1 |     2 |       ||     4
       Scroll            |       |       |       |     9 ||     9
  Eat: Chunk             |     2 |     5 |    13 |    17 ||    37
       Ration            |       |       |       |     2 ||     2
Armor: Scale mail        |    73 |    73 |     7 |   272 ||   425
       Plate armour      |       |       |   171 |   246 ||   417
Dodge: Dodged            |    35 |    34 |    53 |   350 ||   472
Block: Shield            |    65 |    72 |   189 |   391 ||   717

Table legend:
 A = Non-vault XP
 B = Vault XP
 C = Vault XP percentage of total XP
 D = Non-vault monster count
 E = Vault monster count
 F = Vault count percentage of total count
                 A         B        C        D         E       F
            +---------+---------+-------+---------+---------+-------
      Total |   20113 |   14349 |  41.6 |     288 |      67 |  18.9
            +---------+---------+-------+---------+---------+-------
        D:1 |      34 |       0 |   0.0 |      21 |       0 |   0.0
        D:2 |      65 |       0 |   0.0 |      13 |       0 |   0.0
        D:3 |     248 |       0 |   0.0 |      25 |       0 |   0.0
        D:4 |     468 |     172 |  26.9 |      23 |       1 |   4.2
        D:5 |    1223 |     121 |   9.0 |      19 |       1 |   5.0
        D:6 |     936 |       0 |   0.0 |      22 |       0 |   0.0
        D:7 |     553 |       0 |   0.0 |      10 |       0 |   0.0
        D:8 |    3630 |     432 |  10.6 |      24 |       3 |  11.1
        D:9 |     980 |    4773 |  83.0 |      19 |      14 |  42.4
       D:10 |    2771 |    6198 |  69.1 |      27 |      32 |  54.2
       D:11 |    5182 |    1183 |  18.6 |      48 |       7 |  12.7
      Orc:1 |     895 |       0 |   0.0 |       7 |       0 |   0.0
      Orc:2 |    3128 |    1470 |  32.0 |      30 |       9 |  23.1
            +---------+---------+-------+---------+---------+-------
